 Dungeon Crawl Stone Soup version 0.28.0-43-g3370ac3207 (webtiles) character file.

Game seed: 15336220734864798685

91 experimilk the Digger (level 4, -9/24 HPs)
             Began as a Gargoyle Earth Elementalist on Mar 11, 2022.
             Was an Initiate of Elyvilon.
             Shot with a bolt by a kobold brigand (15 damage)
             ... on level 3 of the Dungeon.
             The game lasted 00:10:19 (3099 turns).

experimilk the Digger (Gargoyle Earth Elementalist) Turns: 3099, Time: 00:10:20

Health: -9/24      AC:  5    Str: 11    XL:     4   Next: 57%
Magic:  7/7        EV: 12    Int: 18    God:    Elyvilon [......]
Gold:   133        SH:  0    Dex: 10    Spells: 1/7 levels left

rFire   . . .      SeeInvis .   h - +0 whip
rCold   . . .      Faith    .   (no shield)
rNeg    + . .      Spirit   .   b - +0 robe
rPois   ∞          Reflect  .   (no helmet)
rElec   +          Harm     .   (no cloak)
rCorr   .          Rampage  .   (no gloves)
Will    .....                   (no boots)
Stlth   ++........              (no amulet)
HPRegen 0.08/turn               (no ring)
MPRegen 0.10/turn               (no ring)

@: no status effects
A: sickness immunity, AC +3, negative energy resistance 1, electricity
resistance, torment resistance 1, petrification resistance
a: Renounce Religion


You were on level 3 of the Dungeon.
You worshipped Elyvilon.
Elyvilon was noncommittal.
You visited 1 branch of the dungeon, and saw 3 of its levels.

You collected 133 gold pieces.

Inventory:

Hand Weapons
 f - a +0 club
 h - a +0 whip (weapon)
 l - a +0 spear
Missiles
 c - 9 stones
Armour
 b - a +0 robe (worn)
 i - an orb of wrath
Jewellery
 k - a ring of flight
Scrolls
 d - 2 scrolls of amnesia {unknown}
 e - 2 scrolls of blinking {unknown}
 g - a scroll of identify {unknown}
 m - a scroll of brand weapon {unknown}
 n - 2 scrolls of fog {unknown}
Potions
 a - a potion of might {unknown}
 j - a potion of berserk rage {unknown}


   Skills:
 + Level 3.0 Dodging
 - Level 2.1 Stealth
 - Level 2.0 Spellcasting
 - Level 0.7 Transmutations
 - Level 5.0 Earth Magic


You had one spell level left.
You knew the following spells:

 Your Spells              Type           Power      Damage    Failure   Level
a - Sandblast             Erth           38%        2d10      2%          1
b - Passwall              Tmut/Erth      10%        N/A       9%          2
c - Stone Arrow           Conj/Erth      20%        3d8       19%         3

Your spell library contained the following spells:

 Spells                   Type           Power      Damage    Failure   Level
 Animate Skeleton         Necr           2%         N/A       19%         1
 Pain                     Necr           4%         1d4       19%         1
 Shock                    Conj/Air       4%         1d3       19%         1
 Petrify                  Tmut/Erth      12%        N/A       50%         4


Dungeon Overview and Level Annotations

Branches:
Dungeon (3/15)

Altars:
Cheibriados
Elyvilon

Annotations:
D:2 Sigmund
D:3 3 runed translucent doors, Ekaitz's ghost, amateur DsFE


Innate Abilities, Weirdness & Mutations

You are immune to sickness and miasma.
Your stone body is resilient. (AC +3)
You are immune to poison.
You resist negative energy. (rN+)
You are resistant to electric shocks. (rElec)
You are resistant to unholy torment.
You are immune to petrification.


Message History

The blast of sand hits the gnoll.
The gnoll is moderately wounded.
The gnoll closely misses you.
Casting: Sandblast (safe; 2% risk of failure)
Confirm with . or Enter, or press ? or * to list all spells.
Aiming: Sandblast (safe; 2% risk of failure)
Press: ? - help, Shift-Dir - straight line, f/p - gnoll
Aim: a gnoll, wielding a +0 spear (moderately wounded, 82% to hit)
The blast of sand hits the gnoll!
You kill the gnoll!
Your Dodging skill increases to level 3!
You start resting.
Magic restored.
You see here a +0 spear.
n - 2 scrolls labelled PUPREG FEIH (gained 1)
A kobold brigand is nearby!
A kobold brigand is nearby!
Things that are here:
2 poisoned darts; a +0 short sword You now have 133 gold pieces (gained 14).
Things that are here:
a +0 spear; a gnoll corpse
There is a stone staircase leading down here.
You see here a +0 flail.
Found a trident.
Ekaitz's ghost turns its malevolent gaze towards you.
You see here a +0 flail.
There is a stone staircase leading down here.
A kobold brigand is nearby!
The kobold brigand shouts!
The kobold brigand shoots a bolt.
The bolt barely misses you.
The kobold brigand shouts!
The kobold brigand shoots a bolt.
The bolt barely misses you.
The kobold brigand shoots a bolt.
The bolt hits you!
The kobold brigand shoots a bolt.
The bolt hits you.
The kobold brigand shoots a bolt.
The bolt hits you.
* * * LOW HITPOINT WARNING * * *
The kobold brigand shoots a bolt.
The bolt hits you!
Ouch! That really hurt!
You die...

#..#....# ##.##..#...
#..#....# ##..........
######..#....# ##...##......
##.......#....###............
#..#..#..#........###+++###..
#.≈≈.≈≈≈.........##.......##.
#..####≈.....##.##.........#.
##.≈8≈#≈≈.##.#..#..........##
#.#≈≈####≈.@..##....####...#
#.#K.≈≈≈#≈....#...###)?##..#
##..#≈....#≈...#..##..... #..
...≈.#≈..≈≈'....#..#...=..
#..
####≈≈#_.≈.≈'...##..#.....
#.. #..#..≈≈≈'≈..#
.......###..# #..#≈≈≈.≈#...##
ZZ..ZZ.....#
#.#≈≈≈≈.##≈..K###..####W..##
#.≈≈≈####.......####..#####.


You could see a kobold brigand and 2 adder simulacra.

Vanquished Creatures
  4 gnolls
  An adder (D:3)
  An orc (D:3)
  3 endoplasms
  A giant cockroach (D:3)
  A goblin (D:1)
  4 hobgoblins
  6 jackals (D:2)
  2 quokkas
  5 ball pythons
  6 bats
  4 frilled lizards
  2 kobolds
  4 rats
  A spectral kobold (D:3)
45 creatures vanquished.

Notes
Turn   | Place    | Note
-------+----------+-------------------------------------------
     0 | D:1      | experimilk the Gargoyle Earth Elementalist began the quest
                  | for the Orb.
     0 | D:1      | Reached XP level 1. HP: 10/10 MP: 3/3
   357 | D:1      | Reached XP level 2. HP: 15/15 MP: 3/5
   359 | D:1      | Reached skill level 4 in Earth Magic
   392 | D:1      | Learned a level 2 spell: Passwall
   889 | D:2      | Noticed Sigmund
  1682 | D:2      | Reached XP level 3. HP: 19/19 MP: 1/6
  1815 | D:3      | Found a faded altar of an unknown god.
  1878 | D:3      | Noticed a kobold brigand
  1952 | D:3      | Found a snail-covered altar of Cheibriados.
  1988 | D:3      | Got Wizardry 101
  1993 | D:3      | Learned a level 3 spell: Stone Arrow
  2245 | D:3      | Found a white marble altar of Elyvilon.
  2374 | D:3      | Became a worshipper of Elyvilon the Healer
  2473 | D:3      | Found a runed translucent gate.
  2473 | D:3      | Found a runed translucent gate.
  2473 | D:3      | Found a runed translucent gate.
  2595 | D:2      | Reached XP level 4. HP: 9/24 MP: 3/7
  2845 | D:3      | Reached skill level 5 in Earth Magic
  3047 | D:3      | Noticed Ekaitz's ghost (amateur DsFE)
  3099 | D:3      | Shot with a bolt by a kobold brigand

Illustrated notes

Levels and vault maps discovered:
D:1:      giann_horns, layout_basic, serial_curves, eino_curves_04,
          eino_curves_04
D:2:      layout_basic, uniq_sigmund
D:3:      layout_basic, nicolae_overflow_crystal_walls,
          mainiacjoe_overflow_tiny_flanked, gammafunk_ghost_icy,
          dreamdust_ecumenical_altar_drowned_temple

Skill      XL: |  1  2  3  4 |
---------------+-------------+-----
Earth Magic    | 4 5 |  5.0
Dodging        | 2 3 |  3.0
Stealth        | |  2.1
Spellcasting   | |  2.0
Transmutations | |  0.7

Action                   |  1- 3 |  4- 6 || total
-------------------------+-------+-------++-------
Melee: Whip              |    32 |       ||    32
       Dagger            |    20 |       ||    20
 Cast: Sandblast         |    51 |     6 ||    57
       Stone Arrow       |     1 |     1 ||     2
       Passwall          |     1 |       ||     1
Armor: Robe              |    27 |     1 ||    28
Dodge: Dodged            |    42 |     4 ||    46
